 Dungeon Crawl Stone Soup version 0.30-a0-760-g5a9884bb7c (webtiles) character file.

Game seed: 11681899005527247961

21 Sabo the Firebug (level 2, -4/17 HPs)
             Began as an Octopode Fire Elementalist on Feb 11, 2023.
             Slain by a worm (12 damage)
             ... on level 2 of the Dungeon.
             The game lasted 00:05:03 (847 turns).

Sabo the Firebug (Octopode Fire Elementalist)        Turns: 847, Time: 00:05:04

Health: -4/17      AC:  1    Str:  7    XL:     2   Next: 87%
Magic:  3/5        EV: 13    Int: 17    God:
Gold:   30         SH:  0    Dex: 12    Spells: 4/5 levels left

rFire   . . .      SeeInvis .    e - +0 sling
rCold   . . .      Faith    .    (no shield)
rNeg    . . .      Spirit   .    (helmet restricted)
rPois   .          Reflect  .    (no amulet)
rElec   .          Harm     .    (no ring)
rCorr   .          Rampage  .    (no ring)
Will    .....                    (no ring)
Stlth   +++                      (no ring)
HPRegen 0.22/turn                (no ring)
MPRegen 0.09/turn                (no ring)
                                 (no ring)
                                 (no ring)

@: no status effects
A: almost no armour, amphibious, 8 rings, camouflage 1, gelatinous body 1,
(nimble swimmer 1), tentacles
a: no special abilities


You were on level 2 of the Dungeon.
You visited 1 branch of the dungeon, and saw 2 of its levels.

You collected 30 gold pieces.

Inventory:

Hand Weapons
 e - a +0 sling (weapon)
Missiles
 b - 2 poisoned darts
Scrolls
 d - 2 scrolls of identify {unknown}
Potions
 a - a potion of magic
 c - a potion of brilliance {unknown}
 g - a potion of curing {unknown}


   Skills:
 + Level 2.3 Dodging
 + Level 2.9 Stealth
 + Level 2.1 Spellcasting
 + Level 1.1 Conjurations
 + Level 3.5 Fire Magic


You had 4 spell levels left.
You knew the following spells:

 Your Spells              Type           Power      Damage    Failure   Level
a - Foxfire               Conj/Fire      36%        2x1d5     8%          1

Your spell library contained the following spells:

 Spells                   Type           Power      Damage    Failure   Level
 Scorch                   Fire           26%        2d6       7%          2
 Inner Flame              Hex/Fire       7%         N/A       28%         3
 Kindle Blastsparks       Fire/Tloc/Air  10%        2d10      34%         3
 Flame Wave               Conj/Fire      9%         2d6       58%         4


Dungeon Overview and Level Annotations

Branches:
Dungeon (2/15)

Altars:


Innate Abilities, Weirdness & Mutations

You cannot wear most types of armour.
You are amphibious.
You can wear up to eight rings at the same time.
Your skin changes colour to match your surroundings (Stealth+).
Your rubbery body absorbs attacks. (AC +1, EV +1)
((You are camouflaged when in or above water. (Stealth+)))
You have tentacles for arms and can constrict up to eight enemies at once.


Message History

The goblin barely misses you.
Casting: Foxfire (safe; 8% risk of failure)
Confirm with . or Enter, or press ? or * to list all spells.
You conjure some foxfire!
The goblin barely misses you.
The foxfire hits the goblin.
The goblin resists.
The goblin is severely wounded.
The foxfire hits the goblin.
The goblin resists.
You kill the goblin!
Casting: Foxfire (safe; 8% risk of failure)
Confirm with . or Enter, or press ? or * to list all spells.
You conjure some foxfire!
The hobgoblin barely misses you.
The foxfire hits the hobgoblin.
The hobgoblin is moderately wounded.
The foxfire hits the hobgoblin but does no damage.
The hobgoblin is moderately wounded.
The hobgoblin closely misses you.
Casting: Foxfire (safe; 8% risk of failure)
Confirm with . or Enter, or press ? or * to list all spells.
You conjure some foxfire!
The hobgoblin barely misses you.
The foxfire hits the hobgoblin.
The hobgoblin is heavily wounded.
The foxfire hits the hobgoblin.
You kill the hobgoblin!
You start resting.
Magic restored.
A worm comes into view.
Casting: Foxfire (safe; 8% risk of failure)
Confirm with . or Enter, or press ? or * to list all spells.
You conjure some foxfire!
You shoot a sling bullet. The sling bullet hits the worm.
The worm is moderately wounded.
The foxfire hits the worm.
The worm is heavily wounded.
The worm bites you!
Ouch! That really hurt!
Casting: Foxfire (safe; 8% risk of failure)
Confirm with . or Enter, or press ? or * to list all spells.
You conjure some foxfire!
The worm bites you!
Ouch! That really hurt!
You die...

## ### .. ... # #..
#. ....# #.# #. ....#
#.# # #. ##.#.# #.#
.###.#. ....#####.#
......v##### #...
...#..
#..w@v..###.#####.#.#
#######.............#
##.##.#.###.#.#
#.#....###.#.#
#..........#.#
#..†.).#####..
#...)#.# ### #......#
##. ##...### ##..


You could see a worm (ally target).

Vanquished Creatures
  2 dart slugs (D:1)
  3 ball pythons
  An endoplasm (D:1)
  2 goblins
  2 hobgoblins (D:2)
  A quokka (D:1)
  3 bats (D:1)
  A frilled lizard (D:1)
  2 kobolds
17 creatures vanquished.

Vanquished Creatures (others)
  42 foxfires
42 creatures vanquished.

Grand Total: 59 creatures vanquished

Notes
Turn   | Place    | Note
-------+----------+-------------------------------------------
     0 | D:1      | Sabo the Octopode Fire Elementalist began the quest for the
                  | Orb.
     0 | D:1      | Reached XP level 1. HP: 11/11 MP: 3/3
   255 | D:1      | Reached XP level 2. HP: 17/17 MP: 3/5
   561 | D:1      | Found a faded altar of an unknown god.
   847 | D:2      | Slain by a worm

Illustrated notes

Levels and vault maps discovered:
D:1:      lightli_arrival_maybe_door_vault, layout_rooms,
          ebering_ecumenical_altar_webs
D:2:      layout_loops_cross, serial_shops, shop, minmay_misc_feat_columns,
          uniq_robin

Action                     || total
---------------------------++-------
  Melee: Unarmed           ||     1
   Fire: Sling             ||     3
   Cast: Foxfire           ||    26
 Armour: Skin              ||     3
  Dodge: Dodged            ||    23

Table legend: (Time is in decaauts)
 A = Elapsed time spent in this place.
 B = Non-inter-level travel time spent in this place.
 C = Inter-level travel time spent in this place.
 D = Time resting spent in this place.
 E = Time spent auto-exploring this place.
 F = Levels seen in this place.
 G = Mean time per level.
                   A        B        C        D        E       F      G
               +--------+--------+--------+--------+--------+-----+--------+
         Total |    847 |    847 |      0 |    253 |      0 |   2 |  423.5 |
       Dungeon |    847 |    847 |      0 |    253 |      0 |   2 |  423.5 |
               +--------+--------+--------+--------+--------+-----+--------+

Top non-repeatable levels by time:
     D:1: 700 daAuts
     D:2: 146 daAuts
